 Dungeon Crawl Stone Soup version 0.27-a0-1256-gced786f65e (webtiles) character file.

Game seed: 5529948809056584694

322 karkarkar the Cudgeller (level 6, -11/53 HPs)
             Began as a Minotaur Berserker on June 10, 2021.
             Was a Believer of Trog.
             Blown up by a goblin (28 damage)
             ... with a mindburst bolt
             ... on level 4 of the Dungeon.
             The game lasted 00:09:23 (4224 turns).

karkarkar the Cudgeller (Minotaur Berserker)        Turns: 4224, Time: 00:09:23

Health: -11/53     AC:  9    Str: 23    XL:     6   Next: 22%
Magic:  5/5        EV:  6    Int:  4    God:    Trog [**....]
Gold:   211        SH:  9    Dex: 10    Spells: 5/5 levels left

rFire    . . .     SeeInvis +   a - +0 mace
rCold    . . .     Faith    .   j - +0 kite shield
rNeg     . . .     Spirit   .   n - +0 chain mail
rPois    .         Reflect  .   (helmet restricted)
rElec    .         Harm     .   (no cloak)
rCorr    .         Rampage  .   (no gloves)
Will     ++...                  (no boots)
Stlth    ..........             (no amulet)
HPRegen  1.17/turn              i - ring of see invisible
MPRegen  0.09/turn              (no ring)

@: strong-willed, regenerating
A: horns 2, retaliatory headbutt
a: Renounce Religion, Berserk, Trog's Hand


You were on level 4 of the Dungeon.
You worshipped Trog.
Trog was pleased with you.
You visited 1 branch of the dungeon, and saw 4 of its levels.
You also visited: Sewer.

You collected 211 gold pieces.

Inventory:

Hand Weapons
 a - a +0 mace (weapon)
Armour
 j - a +0 kite shield (worn)
 n - a +0 chain mail (worn)
Jewellery
 i - a ring of see invisible (left hand)
Scrolls
 e - 2 scrolls of teleportation
 f - 2 scrolls of fog {unknown}
 g - 2 scrolls of magic mapping
 k - a scroll of blinking {unknown}
 l - a scroll of torment {unknown}
Potions
 b - a potion of ambrosia {unknown}
 c - 3 potions of attraction
 d - a potion of magic {unknown}
 h - a potion of heal wounds
 m - 3 potions of flight {unknown}


   Skills:
 + Level 4.7 Fighting
 + Level 5.5 Maces & Flails
 + Level 4.2 Armour
 + Level 3.5 Dodging
 + Level 0.7 Stealth
 + Level 2.2 Shields


You had 5 spell levels left.
You didn't know any spells.
Your spell library was empty.

Dungeon Overview and Level Annotations

Branches:
Dungeon (4/15)              Sewer (visited)
 Temple: D:4-7

Altars:


Innate Abilities, Weirdness & Mutations

You have a pair of horns on your head.
You reflexively headbutt those who attack you in melee.


Message History

Why would you want to do that?
You enter the shallow water.
Moving in this stuff is going to be slow.
You enter the shallow water.
Moving in this stuff is going to be slow.
You enter the shallow water.
Moving in this stuff is going to be slow.
You enter the shallow water.
Moving in this stuff is going to be slow.
You enter the shallow water.
Moving in this stuff is going to be slow.
You enter the shallow water.
Moving in this stuff is going to be slow.
Why would you want to do that?
There is an empty arch of ancient stone here.
There is a gate leading back out of this place here.
Welcome back to the Dungeon!
There is a collapsed entrance here.
You enter the shallow water.
Moving in this stuff is going to be slow.
You open the door.
There is an open door here.
You enter the shallow water.
Moving in this stuff is going to be slow.
You see here a river rat skeleton.
A goblin comes into view.
It is wielding a +0 club and carrying a wand of mindburst (18).
The goblin moves out of view.
The goblin zaps a wand.
Your mind is blasted!
You completely miss the goblin. The goblin hits you but does no damage.
You closely miss the goblin.
The goblin zaps a wand.
Your mind is blasted!
* * * LOW HITPOINT WARNING * * *
You are too injured to fight recklessly!
Your skin crawls.
You feel strong-willed.
The kobold shouts!
The goblin zaps a wand.
You resist with almost no effort.
You barely miss the goblin. Your headbutt misses the goblin.
The goblin zaps a wand.
Your mind is blasted!
Ouch! That really hurt!
You die...

.....' ....# ....#
#...# #...# #...####
#g.....#
################@.....#
......................#
#################.....+
#.....# #.....#
#.....## #...K..#
##...## #......# .....
######)# ....#


You could see a goblin and a kobold.

Vanquished Creatures
  Purgy (Sewer)
  A hound (D:3)
  A hound skeleton (D:4)
  3 gnolls
  6 adders
  2 river rats (D:4)
  A worm (D:2)
  2 dart slugs
  An orc (D:4)
  6 bats
  7 endoplasms
  A giant cockroach (D:1)
  6 goblins
  6 hobgoblins
  2 quokkas (D:1)
  18 ball pythons
  7 frilled lizards
  10 kobolds
  9 rats
90 creatures vanquished.

Notes
Turn   | Place    | Note
-------+----------+-------------------------------------------
     0 | D:1      | karkarkar the Minotaur Berserker began the quest for the
                  | Orb.
     0 | D:1      | Reached XP level 1. HP: 19/19 MP: 0/0
   393 | D:1      | Reached XP level 2. HP: 27/27 MP: 1/1
   532 | D:1      | Reached skill level 4 in Maces & Flails
   815 | D:1      | Reached XP level 3. HP: 27/33 MP: 2/2
  1561 | D:2      | Reached ** piety under Trog
  2143 | D:2      | Reached XP level 4. HP: 38/41 MP: 3/3
  2184 | D:2      | Found a faded altar of an unknown god.
  2866 | D:3      | Reached skill level 5 in Maces & Flails
  3106 | D:3      | Reached XP level 5. HP: 44/47 MP: 4/4
  3560 | D:4      | HP: 1/47 [gnoll/+0 flail (4)]
  3892 | D:4      | Found a glowing drain.
  3900 | D:4      | Reached skill level 1 in Shields
  3907 | Sewer    | Entered a sewer
  4066 | Sewer    | Noticed Purgy
  4078 | Sewer    | Killed Purgy
  4079 | Sewer    | Reached XP level 6. HP: 53/53 MP: 5/5
  4224 | D:4      | Blown up by a goblin

Illustrated notes

Levels and vault maps discovered:
D:1:      elethiomel_arrival_infinity_welcomes_careful_drivers, layout_basic,
          minmay_crystal_room
D:2:      layout_basic, hellmonk_ecumenical_altar_arch_garden,
          kennysheep_generic_room_15
D:3:      layout_rooms, corner_web_ring, st_stairs_13
D:4:      layout_basic, portal_sewer_entry_e

Skill      XL: |  1  2  3  4  5 |
---------------+----------------+-----
Fighting       | 4 |  4.7
Maces & Flails | 4 5 |  5.5
Armour         | 3 4 |  4.2
Dodging        | 3 |  3.5
Shields        | 2 |  2.2
Stealth        | |  0.7

Action                   |  1- 3 |  4- 6 || total
-------------------------+-------+-------++-------
Melee: Mace              |    81 |   125 ||   206
       Headbutt          |    11 |    21 ||    32
Invok: Berserk           |     1 |     4 ||     5
       Trog's Hand       |       |     4 ||     4
  Use: Scroll            |     1 |     3 ||     4
       Potion            |       |     2 ||     2
Armor: Leather armour    |    21 |       ||    21
       Ring mail         |       |    18 ||    18
       Chain mail        |       |    83 ||    83
Dodge: Dodged            |    52 |    39 ||    91
Block: Kite shield       |       |    61 ||    61

Table legend: (Time is in decaauts)
 A = Elapsed time spent in this place.
 B = Non-inter-level travel time spent in this place.
 C = Inter-level travel time spent in this place.
 D = Time resting spent in this place.
 E = Time spent auto-exploring this place.
 F = Levels seen in this place.
 G = Mean time per level.
                   A        B        C        D        E       F      G
               +--------+--------+--------+--------+--------+-----+--------+
         Total |   4362 |   4293 |     69 |    750 |   2576 |   5 |  872.4 |
       Dungeon |   4034 |   3965 |     69 |    630 |   2529 |   4 | 1008.5 |
         Sewer |    327 |    327 |      0 |    120 |     47 |   1 |  327.0 |
               +--------+--------+--------+--------+--------+-----+--------+

Top non-repeatable levels by time:
     D:1: 1406 daAuts
     D:2: 1290 daAuts
     D:3: 893 daAuts
     D:4: 444 daAuts
   Sewer: 327 daAuts
